 Dungeon Sprint DCSS version 0.30-a0-371-gad7725a93e (webtiles) character file.

Game seed: 11914926605747461161

70 Kingsmith the Magician (level 4, 0/31 HPs)
             Began as a Djinni Air Elementalist on Nov 21, 2022.
             Slain by a gnoll bouda
             ... wielding a +0 whip
              (12 damage)
             ... in the Dungeon (Sprint IX: "|||||||||||||||||||||||||||||").
             The game lasted 00:01:01 (56 turns).

Kingsmith the Magician (Djinni Air Elementalist)      Turns: 56, Time: 00:01:01

Health: 0/31       AC:  2    Str:  7    XL:     4   Next: 45%
Gold:   0          EV: 13    Int: 18    God:
                   SH:  0    Dex: 14

rFire   + + .      SeeInvis .    g - +0 dagger
rCold   x . .      Faith    .    (no shield)
rNeg    . . .      Spirit   .    a - +0 robe
rPois   ∞          Reflect  .    (no helmet)
rElec   .          Harm     .    (no cloak)
rCorr   .          Rampage  .    (no gloves)
Will    .....      NoTele   +    (boots unavailable)
Stlth   ++........               (no amulet)
HPRegen 0.25/turn                (no ring)
MPRegen 0.00/turn                (no ring)

@: on berserk cooldown, flying, slowed, very slow
A: sickness immunity, fire resistance 2, cold vulnerability 1, float, innate
caster, HP casting, extra vitality 1
a: no special abilities


You were in the Dungeon.
You visited 1 branch

Inventory:

Hand Weapons
 g - a +0 dagger (weapon)
Armour
 a - a +0 robe (worn)
Scrolls
 f - a scroll of blinking
Potions
 d - a potion of haste


   Skills:
 + Level 0.4 Fighting
 + Level 1.0 Short Blades
 + Level 3.6 Dodging
 + Level 2.8 Stealth
 + Level 5.6 Spellcasting


You had 3 spell levels left.
You knew the following spells:

 Your Spells              Type           Power      Damage    Failure   Level
a - Shock                 Conj/Air       100%       1d9       1%          1
b - Static Discharge      Conj/Air       50%        2-5/arc   1%          2
c - Swiftness             Air            25%        N/A       3%          3
d - Airstrike             Air            12%        2d(2-18)  12%         4
e - Slow                  Hex            100%       N/A       1%          1
Your spell library was empty.

Dungeon Overview and Level Annotations

Branches:
Dungeon (1/1)

Altars:


Innate Abilities, Weirdness & Mutations

You are immune to sickness and miasma.
You are immune to poison.
Your flesh is very heat resistant. (rF++)
You are vulnerable to cold. (rC-)
You float through the air rather than walking.
You learn spells naturally, not from books.
Your magical power is your life essence.
You have superior vitality. (+4 MHP)


Message History

The gnoll bouda hits you with a +0 whip!
* * * LOW HITPOINT WARNING * * *
You hit the gnoll bouda.
The gnoll bouda is severely wounded.
The gnoll bouda mumbles some strange prayers to its god.
The gnoll bouda is healed somewhat.
You barely miss the gnoll bouda.
The gnoll bouda is heavily wounded.
You are no longer berserk.
You are exhausted.
You feel yourself slow down.
You feel much better.
Your attacks no longer feel as feeble.
The gnoll bouda gazes fiercely through you!
You feel your attacks grow feeble.
The gnoll bouda hits you with a +0 whip!
The gnoll bouda hits you with a +0 whip.
Casting: Shock (safe; 1% risk of failure)
Confirm with . or Enter, or press ? or * to list all spells.
The gnoll bouda is struck by an arc of lightning.
The gnoll bouda is heavily wounded.
You are struck by an arc of lightning.
The lightning grounds out.
The gnoll bouda hits you with a +0 whip!
* * * LOW HITPOINT WARNING * * *
Sorry, you're not good enough to have a special ability.
Casting: Static Discharge (safe; 1% risk of failure)
Confirm with . or Enter, or press ? or * to list all spells.
The gnoll bouda is struck by an arc of lightning.
The gnoll bouda is almost dead.
The jelly is struck by an arc of lightning.
The jelly is heavily wounded.
The lightning grounds out.
* * * LOW HITPOINT WARNING * * *
Your attacks no longer feel as feeble.
The gnoll bouda barely misses you.
The gnoll bouda utters an invocation to its god.
The gnoll bouda is healed somewhat.
You feel better.
The gnoll bouda hits you with a +0 whip!
You die... ▓▓▓▓▓▓▓▓▓▓▓▓▓▓▓▓▓▓ ▓<...†...†@gJ....+ ▓▓▓▓▓▓▓▓▓▓▓▓▓▓▓▓▓▓

You could see a gnoll bouda and a jelly.

Vanquished Creatures
  A hound (D)
  An iguana (D)
  An adder (D)
  An endoplasm (D)
  A goblin (D)
  A hobgoblin (D)
  A quokka (D)
  A rat (D)
8 creatures vanquished.

Notes
Turn   | Place    | Note
-------+----------+-------------------------------------------
     0 | D        | Kingsmith the Djinni Air Elementalist began the quest for
                  | the Orb.
     0 | D        | Kingsmith set off with the following spells memorised:
                  | Shock, Static Discharge, Swiftness, Airstrike.
     0 | D        | Reached XP level 1. HP: 15/15 MP: 0/0
     6 | D        | Reached skill level 3 in Spellcasting
     8 | D        | Reached XP level 2. HP: 17/21 MP: 0/0
    37 | D        | Reached skill level 4 in Spellcasting
    40 | D        | Reached skill level 5 in Spellcasting
    40 | D        | Reached XP level 3. HP: 23/25 MP: 0/0
    40 | D        | Learned a level 1 spell: Slow
    46 | D        | Reached skill level 1 in Short Blades
    46 | D        | Reached XP level 4. HP: 27/31 MP: 0/0
    56 | D        | Slain by a gnoll bouda

Illustrated notes

Levels and vault maps discovered:
D:        linesprint [early_d, line_temple, items_1, d_10, items_2, lair_1,
          lair_end, items_3, orc_1, orc_end, items_4, d_15, swamp_1, shoals_1,
          snake_1, spider_1, d_20, vaults_1, items_5, swamp_end, shoals_end,
          snake_end, spider_end, vaults_end, d_27, items_6, zot_1, zot_end,
          crypt_end, forest_end, elf_end, slime_end, tomb_end, abyss_end,
          pan_hell_end]

Skill      XL: |  1  2  3 |
---------------+----------+-----
Spellcasting   | 3 5 |  5.6
Stealth        | 2 |  2.8
Dodging        | 3 |  3.6
Short Blades   | 1 |  1.0
Fighting       | |  0.4

Action                   |  1- 3 |  4- 6 || total
-------------------------+-------+-------++-------
Melee: Dagger            |    13 |     7 ||    20
 Cast: Shock             |     6 |       ||     6
       Static Discharge  |       |     2 ||     2
  Use: Potion            |     1 |     2 ||     3
Dodge: Dodged            |     4 |     2 ||     6

Table legend: (Time is in decaauts)
 A = Elapsed time spent in this place.
 B = Non-inter-level travel time spent in this place.
 C = Inter-level travel time spent in this place.
 D = Time resting spent in this place.
 E = Time spent auto-exploring this place.
 F = Levels seen in this place.
 G = Mean time per level.
                   A        B        C        D        E       F      G
               +--------+--------+--------+--------+--------+-----+--------+
         Total |     50 |     50 |      0 |     13 |      0 |   1 |   50.0 |
       Dungeon |     50 |     50 |      0 |     13 |      0 |   1 |   50.0 |
               +--------+--------+--------+--------+--------+-----+--------+

Top non-repeatable levels by time:
       D: 50 daAuts
